 Dungeon Crawl Stone Soup version 0.31.0-12-g77e489cdc1 (webtiles) character file.

Game seed: 1305700130909096588

3875 RancidPinata the Covert (level 10, -9/72 HPs)
             Began as an Octopode Delver on Feb 14, 2024.
             Mangled by a vault guard
             ... wielding a +0 broad axe
              (22 damage)
             ... in a bailey.
             The game lasted 00:29:31 (6725 turns).

RancidPinata the Covert (Octopode Delver)           Turns: 6725, Time: 00:29:32

Health: -9/72      AC:  1    Str: 18    XL:     10   Next: 19%
Magic:  10/10      EV: 22    Int: 13    God:
Gold:   371        SH: 12    Dex: 17    Spells: 9/9 levels left

rFire   . . .        F - +0 rapier
rCold   . . .        n - +2 buckler
rNeg    . . .        (helmet restricted)
rPois   .            x - amulet of reflection
rElec   .            y - +5 ring of evasion
rCorr   .            a - +6 ring of strength
SInv    .            (no ring)
Will    .....        (no ring)
Stlth   ++++++       (no ring)
HPRegen 0.32/turn    (no ring)
MPRegen 0.12/turn    (no ring)
                     (no ring)

%: reflection
@: no status effects
A: almost no armour, amphibious, 8 rings, camouflage 1, gelatinous body 1,
(nimble swimmer 1), tentacles
a: no special abilities


You were in a bailey.
You visited 1 branch of the dungeon, and saw 7 of its levels.
You also visited: Sewer and Bailey.

You collected 371 gold pieces.

Inventory:

Hand Weapons
 F - a +0 rapier (weapon)
Missiles
 h - 4 curare-tipped darts (quivered)
 j - 39 stones
 B - 3 javelins
 D - a throwing net
 G - 6 boomerangs
Armour
 n - a +2 buckler (worn)
Jewellery
 a - a +6 ring of strength (right tentacle)
 x - an amulet of reflection (around mantle)
 y - a +5 ring of evasion (left tentacle)
Talismans
 l - a beast talisman
Wands
 f - a wand of digging (3)
 z - a wand of charming (2)
Scrolls
 b - 3 scrolls of fog
 c - 3 scrolls of revelation
 g - a scroll of vulnerability {unknown}
 i - 6 scrolls of teleportation
 o - 4 scrolls of amnesia
 r - a scroll of immolation
 u - 2 scrolls of identify
 v - a scroll of blinking {unknown}
 C - a scroll of poison {unknown}
Potions
 m - a potion of lignification {unknown}
 p - a potion of heal wounds {unknown}
 q - a potion of brilliance {unknown}
 s - a potion of resistance {unknown}
 w - a potion of attraction {unknown}
 A - 2 potions of degeneration
 E - 2 potions of berserk rage


   Skills:
 * Level 7.9 Fighting
 + Level 5.5 Short Blades
 * Level 7.5 Dodging
 * Level 12.2 Stealth
 + Level 4.2 Shields


You had 9 spell levels left.
You didn't know any spells.
Your spell library contained the following spells:

 Spells                   Type           Power      Damage    Failure   Level
 Apportation              Tloc           0%         N/A       36%         1
 Freeze                   Ice            0%         1d3       36%         1
 Magic Dart               Conj           0%         1d3       36%         1
 Blink                    Tloc           0%         N/A       50%         2
 Call Imp                 Summ           0%         N/A       50%         2
 Jinxbite                 Hex            0%         N/A       50%         2
 Frozen Ramparts          Ice            0%         1d1       75%         3
 Hailstorm                Conj/Ice       0%         3d5       75%         3
 Alistair's Intoxication  Alch           0%         N/A       100%        5


Dungeon Overview and Level Annotations

Branches:
Dungeon (7/15)              Sewer (visited)          Bailey (1/1)
 Temple: D:4-7

Altars:
Ashenzari
Sif Muna
Uskayaw

Shops:
D:5 (

Annotations:
D:4 Sigmund
D:7 Jeremiah


Innate Abilities, Weirdness & Mutations

You cannot wear most types of armour.
You are amphibious.
You can wear up to eight rings at the same time.
Your skin changes colour to match your surroundings (Stealth+).
Your rubbery body absorbs attacks. (AC +1, EV +1)
((You are camouflaged when in or above water. (Stealth+)))
You have tentacles for arms and can constrict up to eight enemies at once.


Message History

You grab the vault guard. You constrict the vault guard.
You block the vault guard's attack.
You hit the vault guard but do no damage.
You squeeze the vault guard, but do no damage.
The vault guard is lightly wounded.
You constrict the vault guard.
The vault guard hits you with a +0 broad axe!
You puncture the vault guard!
The vault guard is lightly wounded.
You constrict the vault guard. You block the vault guard's attack.
You hit the vault guard but do no damage.
You squeeze the vault guard!
The vault guard is moderately wounded.
You constrict the vault guard, but do no damage.
The vault guard hits you with a +0 broad axe!
You completely miss the vault guard.
The vault guard is moderately wounded.
You constrict the vault guard. You block the vault guard's attack.
You hit the vault guard but do no damage.
The vault guard is moderately wounded.
You constrict the vault guard.
The vault guard hits you with a +0 broad axe!
You hit the vault guard but do no damage.
The vault guard is moderately wounded.
You constrict the vault guard. The vault guard closely misses you.
You hit the vault guard but do no damage.
You squeeze the vault guard.
The vault guard is heavily wounded.
You constrict the vault guard.
The vault guard hits you with a +0 broad axe!!
* * * LOW HITPOINT WARNING * * *
You completely miss the vault guard.
The vault guard is heavily wounded.
You constrict the vault guard, but do no damage.
You block the vault guard's attack.
You hit the vault guard but do no damage.
The vault guard is heavily wounded.
You constrict the vault guard.
The vault guard hits you with a +0 broad axe!!
You die...

##..##≈~p~..~≈#
##....#≈~≈≈~.~≈#
#.....##≈##≈.~≈##
#......####≈..~≈#
#......'..#≈.)~≈#
###'####..###)###
##)~[##...#.[[).#
#~~~~~#...#.....#
#~~~~~#...####@p#
#~~~))#.)..#....#
##~~#+#'#......##
####.).##....##
#.....######
#.∩.∩.# #.....#
##...## #####


You could see a vault guard.

Vanquished Creatures
  A vault guard (Bailey)
  Prince Ribbit (Bailey)
  5 humans (Bailey)
  2 ice beasts
  2 orc warriors (Bailey)
  An ogre (D:5)
  2 centaurs
  2 phantoms
  13 bullfrogs
  2 scorpions
  A howler monkey (D:6)
  2 bombardier beetles
  2 jellies
  A gnoll bouda (D:7)
  2 hounds (D:5)
  An orc priest (D:5)
  An iguana (D:5)
  A sleepcap (D:5)
  An orc wizard (D:3)
  14 gnolls
  3 adders
  6 river rats (Sewer)
  2 ufetubi (D:5)
  4 ribbon worms
  5 orcs
  6 endoplasms
  6 giant cockroaches
  12 goblins
  9 hobgoblins
  3 quokkas
  13 ball pythons
  2 bats
  4 frilled lizards
  3 kobolds
  13 rats
148 creatures vanquished.

Vanquished Creatures (others)
  A hobgoblin (Bailey)
1 creature vanquished.

Grand Total: 149 creatures vanquished

Notes
Turn   | Place    | Note
-------+----------+-------------------------------------------
     0 | D:5      | RancidPinata the Octopode Delver began the quest for the
                  | Orb.
     0 | D:5      | Reached XP level 1. HP: 16/16 MP: 1/1
     2 | D:6      | Noticed a jelly
    85 | D:5      | Noticed a sleepcap
    89 | D:4      | Noticed a bombardier beetle
    97 | D:4      | Noticed a bombardier beetle
   252 | D:3      | Found a glowing drain.
   279 | D:3      | Reached XP level 2. HP: 9/21 MP: 2/2
   423 | D:3      | Reached skill level 7 in Stealth
   423 | D:3      | Reached XP level 3. HP: 26/26 MP: 3/3
   518 | Sewer    | Entered a sewer
   618 | Sewer    | Reached XP level 4. HP: 32/32 MP: 4/4
   969 | Sewer    | Noticed a bullfrog
   969 | Sewer    | Noticed a bullfrog
   980 | Sewer    | Reached XP level 5. HP: 27/37 MP: 5/5
  1116 | Sewer    | Reached skill level 8 in Stealth
  1116 | Sewer    | Reached XP level 6. HP: 29/44 MP: 6/6
  2292 | D:2      | Found a faded altar of an unknown god.
  3387 | D:4      | Reached XP level 7. HP: 49/49 MP: 7/7
  3481 | D:4      | Noticed Sigmund
  3500 | D:5      | Reached skill level 1 in Shields
  3778 | D:5      | Reached skill level 5 in Fighting
  3929 | D:5      | Reached skill level 9 in Stealth
  3963 | D:5      | Found Femim's Antique Weapon Shoppe.
  3969 | D:5      | Found a hide-covered altar of Uskayaw.
  4142 | D:5      | Reached XP level 8. HP: 56/56 MP: 8/8
  4222 | D:5      | Reached skill level 5 in Dodging
  4304 | D:5      | Found a shimmering blue altar of Sif Muna.
  4454 | D:6      | Found a broken altar of Ashenzari.
  5041 | D:6      | Reached skill level 10 in Stealth
  5351 | D:7      | Found a flagged portal.
  5630 | D:7      | Noticed a vault sentinel
  5631 | D:7      | Noticed a vault sentinel
  5635 | D:7      | Noticed Jeremiah
  5638 | Bailey   | Entered a bailey
  5754 | Bailey   | Reached XP level 9. HP: 9/63 MP: 9/9
  5972 | Bailey   | Reached skill level 11 in Stealth
  6212 | Bailey   | Reached skill level 5 in Short Blades
  6329 | Bailey   | Noticed a vault guard
  6359 | Bailey   | Noticed Prince Ribbit
  6374 | Bailey   | Killed a vault guard
  6375 | Bailey   | Reached skill level 12 in Stealth
  6375 | Bailey   | Reached XP level 10. HP: 13/72 MP: 10/10
  6377 | Bailey   | Killed Prince Ribbit
  6386 | Bailey   | Noticed a vault guard
  6725 | Bailey   | Mangled by a vault guard

Illustrated notes

Levels and vault maps discovered:
D:1:      mrwooster_arrival_arrow, layout_loops_ring
D:2:      layout_loops_ring, hellmonk_ecumenical_altar_inner_sanctum,
          st_stairs_12
D:3:      layout_basic, cheibrodos_sewer_entry_drain
D:4:      layout_basic, lemuel_round_altar, minmay_temple_entry_offerings,
          serial_bayou_crossing, uniq_sigmund, uniq_menkaure
D:5:      layout_basic, lemuel_doored_altar, old_standard_altar, serial_shops,
          shop
D:6:      layout_loops_ring, mainiacjoe_overflow_chevrons,
          kennysheep_generic_room_13
D:7:      gammafunk_cloud_chamber, layout_rooms, enter_bailey_5,
          hellmonk_guarded_unrand_gong, uniq_jeremiah
Bailey:   bailey_axe_froggy_fort_hellmonk, bailey

Skill      XL: |  1  2  3  4  5  6  7  8  9 |
---------------+----------------------------+-----
Stealth        | 7 8 9 10 12 | 12.2
Dodging        | 3 4 6 7 |  7.5
Fighting       | 4 5 6 7 |  7.9
Short Blades   | 3 4 5 |  5.5
Shields        | 1 2 4 |  4.2

Action                     |  1- 3 |  4- 6 |  7- 9 | 10-12 || total
---------------------------+-------+-------+-------+-------++-------
  Melee: Short sword       |    29 |   139 |   129 |       ||   297
         Constrict         |     6 |    28 |    48 |     2 ||    84
         Tentacles         |     5 |    38 |    81 |     4 ||   128
         Punch             |       |     1 |     4 |       ||     5
         Rapier            |       |       |   169 |    13 ||   182
  Evoke: Wand              |       |       |     3 |       ||     3
    Use: Scroll            |       |     1 |    10 |       ||    11
         Potion            |       |       |     6 |       ||     6
   Stab: Sleeping          |     7 |    13 |    13 |       ||    33
         Distracted        |     1 |     1 |     3 |       ||     5
 Armour: Skin              |    13 |    40 |    71 |     5 ||   129
  Dodge: Dodged            |    23 |    85 |   168 |     2 ||   278
  Block: Buckler           |       |    13 |   125 |     5 ||   143
         Reflection        |       |       |     1 |       ||     1
